[Event "Early-Titled-Tuesday-Blitz-July-09-2024"]
[Site "Chess.com"]
[Date "2024.07.09"]
[Round "2"]
[White "ViktoriyaTarasova"]
[Black "Barmen_EV"]
[Result "1/2-1/2"]
[WhiteElo "2365"]
[BlackElo "2535"]
[TimeControl "180+1"]
[EndTime "8:20:57 PDT"]
[Termination "Game drawn by repetition"]

1. d4 Nf6 2. c4 g6 3. Nc3 Bg7 4.
e4 d6 5. h3 e5 6. d5 O-O 7. g4 a5 8. Be2 Na6 9. Be3 Bd7 10. Qc2 c6 11. O-O-O cxd5 12. exd5 a4 13. Nf3 a3 14. b3 Nb4 15. Qd2 Rc8 16. Kb1 Qa5 17. Ng5 h6 18. Nge4 Nxe4 19. Nxe4 f5 20. Nxd6 f4 21. Nxc8 Rxc8 22. Bd3 fxe3 23. fxe3 e4 24.
Bxe4 Qc7 25. Qxb4 Qe5 26. Rd4 Qg3 27. Qd2 Rf8 28. Qc1 Bxd4 29. exd4 Qf2 30. Rd1 Rf4 31. Bxg6 Rxd4 32. Rxd4 Qxd4 33. Bf5 Bxf5+ 34. gxf5 Qd3+ 35.
Ka1 Qd4+ 36. Kb1 Qe4+ 37. Ka1 Qe5+ 38. Kb1 Qxf5+ 39. Ka1 Qe5+ 40. Kb1 Qe4+ 41. Ka1 Qd4+ 42. Kb1 Qd3+ 43. Ka1 Qxh3 44. Qg1+ Kh7 45. Qc1 h5 46. d6 h4 47. Qc2+ Kh6 48. Qd2+ Kg6 49. Qc2+ Kf6 50.
Qf2+ Ke6 51. Qe1+ Kxd6 52. Qb4+ Ke6 53. Qxa3 Qf1+ 54. Kb2 Qe2+ 55. Kc3 Qf3+ 56. Kb2 Qf2+ 57. Kc3 Qe3+ 58. Kb2 Qd2+ 59. Kb1 h3 60. Qa8 h2 61.
Qc8+ Ke5 62. Qc7+ Ke4 63. Qe7+ Kf3 64. Qf6+ Qf4 65. Qh8 Qe4+ 66. Kb2 Qe2+ 67. Ka3 Qg2 68. Qf8+ Ke2 69. Qe7+ Kf1 70. Qf6+ Kg1 71. Qb6+ Qf2 72. Qg6+ Kf1 73. Qh7 Qa7+ 74. Kb2 Qd4+ 75. Ka3 Qc5+ 76. Kb2 Qe5+ 77. Ka3 Kg1 78. Qg6+ Kf2 79. Qf7+ Kg2 80.
Qg7+ Kf2 81. Qxe5 h1=Q 82. Qd4+ Ke2 83. Qe5+ Kd2 84. Qf4+ Kc3 85. Qg3+ Kc2 86. Qg6+ Kc3 87. Qf6+ Kc2 88. Qb2+ Kd3 89. b4 Qc6 90. Qb3+ Kd4 91. Kb2 Qh6 92. Qc2 b5 93. Qc3+ Ke4 94. Kb3 Qh2 95. cxb5 Qb8 96. Qc4+ Ke3 97. a4 Kd2 98. Qc3+ Kd1 99. Qd3+ Ke1 100. a5 Qg8+ 101. Ka3 Qg7 102. Qe3+ Kd1 103. Qf3+ Kc1 104. Qf1+ Kc2 105. Qe2+ Kc1 106. Qe1+ Kc2 107. Qf2+ Kc1 108. Qe3+ Kc2 109. Qc5+ Kb1 110. Qf5+ Kc1 111. Qf1+ Kc2 112. Qe2+ Kc1 113. Qe3+ Kc2 114. Qb3+ Kc1 115. Qa2 Qc3+ 116. Ka4 Kd1 117. a6 Qc7 118. Qb3+ Kc1 119. Qe3+ Kb1 120. Qe1+ Ka2 121. Qe2+ Ka1 122. Qf1+ Ka2 123. Qf2+ Ka1 124. Qf1+ Ka2 125. Qf2+ Ka1 126. Qf1+ 1/2-1/2

[Event "Early-Titled-Tuesday-Blitz-July-09-2024"]
[Site "Chess.com"]
[Date "2024.07.09"]
[Round "2"]
[White "Viacheslav92"]
[Black "bubeliang"]
[Result "0-1"]
[WhiteElo "2569"]
[BlackElo "2825"]
[TimeControl "180+1"]
[EndTime "8:22:05 PDT"]
[Termination "bubeliang won by checkmate"]

1. d4 d5 2. Bg5 g6 3. Nf3 Bg7 4. e3 Nf6 5. c4 O-O 6. cxd5 Nxd5 7. Nc3 c6 8. Bc4 Be6 9. Bb3 Nd7 10. O-O N7f6 11.
Re1 Nxc3 12. bxc3 Bg4 13. h3 Bxf3 14. Qxf3 Qa5 15. Bxf6 Bxf6 16. Rac1 Kg7 17. Red1 Rfd8 18. Qe2 Rac8 19. Qc4 e6 20. Qb4 Qc7 21. Qc4 h5 22.
Qe2 a5 23. Rb1 b5 24. Bc2 a4 25. Be4 Qa5 26. Rdc1 Rc7 27. Bf3 Rb8 28. e4 e5 29. Qd3 Rd7 30. d5 c5 31. Be2 Rdb7 32. a3 c4 33. Qc2 Be7 34. Ra1 Bc5 35. Bf3 Qb6 36. g3 h4 37. Kg2 Qf6 38. Qe2 Rh8 39.
Bg4 Qe7 40. Qb2 Qg5 41. Re1 Rbb8 42. Ra2 Rh6 43. Qe2 Qe7 44. Rea1 Qd6 45. Qf3 Rb6 46. Qe2 Qe7 47. Qe1 Qg5 48. Rb1 Rh8 49. Qc1 Qf6 50. Qd1 Rhb8 51. Qf3 Qe7 52. Rba1 Qa7 53. gxh4 Rf6 54. Qg3 Rf4 55. h5 Qb6 56. hxg6 fxg6 57.
Rb1 Rbf8 58. f3 Rb8 59. Rab2 Bxa3 60. Rxb5 Qxb5 61. Rxb5 Rxb5 62. Qh4 Rb8 63. Qg5 Rf6 64. Qxe5 Bd6 65. Qd4 Re8 66. Qxc4 a3 67. Qa4 Re7 68. c4 Bc5 69. Qa5 Bb6 70. Qa4 Ra7 71. Qd1 a2 72. Qa1 Bd4 73. Qxd4 a1=Q 74. Qxa1 Rxa1 75.
e5 Rf4 76. c5 Rd4 77. d6 Rd5 78. c6 Rc1 79. c7 Kf7 80. c8=Q Rxc8 81. Bxc8 Rxe5 82.
Bg4 Rd5 83. d7 Kf6 84. Kg3 g5 85. Kf2 Ke5 86. Kg3 Rd2 87. h4 gxh4+ 88. Kxh4 Kf4 89. Kh5 Rd6 90. Bh3 Kxf3 91. Be6 Kf4 92. Bh3 Ke5 93. Kg5 Kd5 94. Bf5 Kc6 95. Kf4 Kc7 96. Ke5 Rd2 97.
Kf6 Kd8 98. Ke5 Re2+ 99. Kf4 Re1 100. Kg5 Ke7 101. Kf4 Rf1+ 102. Ke5 Rf2 103. Ke4 Rd2 104. Ke5 Rd1 105. Ke4 Kf6 106. Bg4 Rd6 107. Ke3 Ke5 108. Bh3 Rd4 109. Bg4 Re4+ 110. Kf3 Rd4 111. Bh3 Rd3+ 112. Ke2 Rd6 113. Bg4 Kf4 114. Bh3 Rd4 115. Kf2 Rd2+ 116. Ke1 Ke3 117. Bf5 Rd6 118. Kf1 Kf3 119. Ke1 Rd4 120. Bh3 Ke3 121. Kf1 Rd1+ 122. Kg2 Kf4 123. Kf2 Rd2+ 124. Ke1 Ke3 125. Kf1 Rf2+ 126. Kg1 Rf8 127. Kg2 Rg8+ 128. Kh2 Kf2 129. Be6 Rh8+ 130. Bh3 Kf3 131. Kg1 Ke2 132. Be6 Kf3 133. Bf5 Ke3 134. Be6 Rf8 135. Kg2 Ke2 136. Bg4+ Ke3 137. Kg3 Ke4 138. Kh4 Kf4 139. Bh5 Rh8 140. d8=Q Rxd8 141. Bg6 Rh8+ 142. Bh5 Rh6 143. Kh3 Rxh5+ 144. Kg2 Rh6 145. Kf2 Rh2+ 146. Kg1 Kg3 147. Kf1 Kf3 148. Kg1 Rh3 149. Kf1 Rh1# 0-1

[Event "Early-Titled-Tuesday-Blitz-July-09-2024"]
[Site "Chess.com"]
[Date "2024.07.09"]
[Round "3"]
[White "Sawatdeekhrap"]
[Black "amylazy"]
[Result "1-0"]
[WhiteElo "2759"]
[BlackElo "2486"]
[TimeControl "180+1"]
[EndTime "8:24:35 PDT"]
[Termination "Sawatdeekhrap won by resignation"]

1. e4 c5 2. Nf3 e6 3. d4 cxd4 4. Nxd4 a6 5. Bd3 Bc5 6. Be3 Nf6 7. Nxe6 Qa5+ 8. Bd2 Bxf2+ 9. Kf1 Qb6 10. Nxg7+ Kd8 11. Nc3 d6 12. Qf3 1-0

[Event "Early-Titled-Tuesday-Blitz-July-09-2024"]
[Site "Chess.com"]
[Date "2024.07.09"]
[Round "3"]
[White "IlanSchnaider"]
[Black "Likvidator228"]
[Result "1-0"]
[WhiteElo "2843"]
[BlackElo "2564"]
[TimeControl "180+1"]
[EndTime "8:24:45 PDT"]
[Termination "IlanSchnaider won by resignation"]

1. e4 c5 2. Nf3 g6 3. c3 Bg7 4. d4 cxd4 5. cxd4 d5 6. e5 a6 7. h3 Nc6 8. Be2 f6 9. exf6 Nxf6 10.
O-O O-O 11. Nc3 Ne4 12. Be3 Nxc3 13. bxc3 Bf5 14. Qd2 Qd7 15. Bh6 Rae8 16. Bxg7 Kxg7 17. Rae1 Be4 18. Ng5 Bf5 19. Bd3 Bxd3 20. Ne6+ Qxe6 21. Rxe6 Bxf1 22. Kxf1 Rf6 23. Qe3 Kf7 24. Rxf6+ exf6 25. Qh6 Kg8 26. Qf4 Kf7 27. Qc7+ Re7 28. Qd6 Nd8 29. Qxd8 1-0

[Event "Early-Titled-Tuesday-Blitz-July-09-2024"]
[Site "Chess.com"]
[Date "2024.07.09"]
[Round "3"]
[White "wannabe2700"]
[Black "Chessdude1987"]
[Result "0-1"]
[WhiteElo "2548"]
[BlackElo "2328"]
[TimeControl "180+1"]
[EndTime "8:24:45 PDT"]
[Termination "Chessdude1987 won by resignation"]

1. b3 e6 2. Bb2 f5 3. Nf3 Nf6 4. g3 d5 5. Bg2 c5 6. O-O Bd6 7.
c4 d4 8. e3 Nc6 9. exd4 cxd4 10.
Nxd4 Nxd4 11. Bxd4 Bxg3 12. Bc5 Bxh2+ 13. Kh1 Be5 14. d4 Ng4 15. Bh3 Qh4 16. Kg2 Ne3+ 0-1

[Event "Early-Titled-Tuesday-Blitz-July-09-2024"]
[Site "Chess.com"]
[Date "2024.07.09"]
[Round "3"]
[White "ansko1999"]
[Black "lildoggo2007"]
[Result "1-0"]
[WhiteElo "2629"]
[BlackElo "2412"]
[TimeControl "180+1"]
[EndTime "8:24:46 PDT"]
[Termination "ansko1999 won by resignation"]

1. Nc3 c5 2. e4 Nc6 3. Bb5 Nd4 4. Nf3 Nxb5 5. Nxb5 g6 6. d4 cxd4 7. Qxd4 Qa5+ 8. Bd2 Qxb5 9. Qxh8 d6 10. Qxg8 Qxb2 11. O-O Qxc2 12. Bh6 1-0

[Event "Early-Titled-Tuesday-Blitz-July-09-2024"]
[Site "Chess.com"]
[Date "2024.07.09"]
[Round "3"]
[White "Mysterio47"]
[Black "pinguino120"]
[Result "1-0"]
[WhiteElo "2745"]
[BlackElo "2344"]
[TimeControl "180+1"]
[EndTime "8:24:47 PDT"]
[Termination "Mysterio47 won by resignation"]

1. e4 g6 2. d4 c6 3. Nc3 Bg7 4. Be3 d5 5. e5 Nh6 6. h3 Nf5 7. Bf4 h5 8. Nf3 O-O 9. Bd3 f6 10. O-O Na6 11. Bxa6 bxa6 12. Re1 Qb6 13. Na4 Qb4 14.
c3 Qa5 15. Nc5 Rb8 16. exf6 Bxf6 17. Bxb8 Nh4 18. Nxh4 Bxh4 19. Bg3 Bxg3 20. fxg3 Qc7 21. Qd3 Bf5 22. Qe3 Re8 23. Rf1 e5 24. Rae1 e4 25. Qf4 Qb6 26. b4 e3 27. Rxe3 Re4 28. Nxe4 1-0

[Event "Early-Titled-Tuesday-Blitz-July-09-2024"]
[Site "Chess.com"]
[Date "2024.07.09"]
[Round "3"]
[White "Andrey_Klymchuk"]
[Black "GulenayAydin"]
[Result "1-0"]
[WhiteElo "2755"]
[BlackElo "2536"]
[TimeControl "180+1"]
[EndTime "8:24:59 PDT"]
[Termination "Andrey_Klymchuk won by resignation"]

1. e4 c5 2. Nf3 d6 3. d4 cxd4 4. Nxd4 Nf6 5. f3 g6 6. Bb5+ Bd7 7. c4 Bg7 8. Be3 O-O 9. Bxd7 Qxd7 10. Nc3 Nc6 11. O-O Rfc8 12. b3 a6 13. a4 Qd8 14.
Qd2 Qa5 15. Rfd1 Nxd4 16. Bxd4 Nd7 17. Nd5 Bxd4+ 18. Qxd4 e6 19. Ne7+ Kf8 20. Nxc8 Rxc8 21.
Qh8+ 1-0

[Event "Early-Titled-Tuesday-Blitz-July-09-2024"]
[Site "Chess.com"]
[Date "2024.07.09"]
[Round "3"]
[White "dretch"]
[Black "tusplingher"]
[Result "1-0"]
[WhiteElo "2885"]
[BlackElo "2686"]
[TimeControl "180+1"]
[EndTime "8:25:02 PDT"]
[Termination "dretch won by resignation"]

1. d4 Nf6 2. c4 c5 3. d5 b5 4. Nf3 g6 5. Nfd2 a6 6. e4 bxc4 7. Nc3 d6 8. Nxc4 Bg7 9. Be2 O-O 10.
O-O Nbd7 11. Bf4 Nb6 12. Ne3 Nh5 13. Bxh5 gxh5 14. Qxh5 e5 15. Bh6 Qf6 16. Bxg7 Qxg7 17. f4 exf4 18. Rxf4 Qg6 19. Qh4 Bd7 20. Rf6 Qg7 21.
Raf1 Rae8 22. Rxd6 f6 23. Rxb6 1-0

[Event "Early-Titled-Tuesday-Blitz-July-09-2024"]
[Site "Chess.com"]
[Date "2024.07.09"]
[Round "3"]
[White "LunaTheTuna2013"]
[Black "Klendi"]
[Result "1-0"]
[WhiteElo "2083"]
[BlackElo "2410"]
[TimeControl "180+1"]
[EndTime "8:25:33 PDT"]
[Termination "LunaTheTuna2013 won by resignation"]

1. d4 d5 2. c4 e6 3. Nc3 Be7 4. Nf3 Nf6 5. Bg5 O-O 6. e3 Nbd7 7. Rc1 a6 8. Bd3 dxc4 9. Bxc4 b5 10. Bd3 Bb7 11. O-O c5 12. Bxf6 Bxf6 13. Ne4 cxd4 14.
Nxf6+ Nxf6 15. Nxd4 Qd5 16. Nf3 Qxa2 17. b3 Bd5 18.
Bc2 Rac8 19. Nd4 Qb2 20. Qd2 Rfd8 21. Bxh7+ 1-0

[Event "Early-Titled-Tuesday-Blitz-July-09-2024"]
[Site "Chess.com"]
[Date "2024.07.09"]
[Round "3"]
[White "GoltsevDmitry2000"]
[Black "Zohid6"]
[Result "1/2-1/2"]
[WhiteElo "2734"]
[BlackElo "2979"]
[TimeControl "180+1"]
[EndTime "8:25:42 PDT"]
[Termination "Game drawn by repetition"]

1. e4 e5 2. Nf3 Nf6 3. Nxe5 d6 4. Nf3 Nxe4 5. d3 Nf6 6. d4 d5 7. c4 c6 8. Nc3 Bd6 9. Bd3 O-O 10. O-O dxc4 11. Bxc4 Nbd7 12. Bg5 h6 13. Bh4 Nb6 14. Bb3 Bg4 15. Qd3 Re8 16. h3 Bxf3 17. Qxf3 g5 18. Bg3 Bxg3 19. fxg3 Qxd4+ 20. Kh2 Kg7 21. Rad1 Qe5 22.
Rde1 Qd4 23. Rd1 Qe5 24. Rde1 Qd4 25. Rd1 1/2-1/2

[Event "Early-Titled-Tuesday-Blitz-July-09-2024"]
[Site "Chess.com"]
[Date "2024.07.09"]
[Round "3"]
[White "RTchess367"]
[Black "el008"]
[Result "0-1"]
[WhiteElo "2282"]
[BlackElo "2552"]
[TimeControl "180+1"]
[EndTime "8:25:44 PDT"]
[Termination "el008 won by resignation"]

1. e4 c5 2. Nf3 e6 3. b3 a6 4. Bb2 b6 5. g3 Bb7 6. Nc3 Nf6 7. Qe2 b5 8. e5 Nd5 9. Ne4 f5 10. exf6 Nxf6 11. Nxf6+ gxf6 12. Bg2 h5 13. h4 Nc6 14. O-O Qe7 15. Rfe1 O-O-O 16. d4 Rg8 17. c4 bxc4 18. bxc4 cxd4 19. Nxd4 Qc5 20. Nxc6 Bxc6 21.
Bxf6 Rxg3 22. Qf1 Rxg2+ 23. Qxg2 Bxg2 24. Kxg2 Be7 25. Bxe7 Qxe7 0-1

[Event "Early-Titled-Tuesday-Blitz-July-09-2024"]
[Site "Chess.com"]
[Date "2024.07.09"]
[Round "3"]
[White "Marielchessy"]
[Black "Zq1"]
[Result "0-1"]
[WhiteElo "2316"]
[BlackElo "2567"]
[TimeControl "180+1"]
[EndTime "8:25:44 PDT"]
[Termination "Zq1 won by resignation"]

1. e4 c5 2. Nf3 d6 3. d4 cxd4 4.
Nxd4 Nf6 5. Nc3 Nc6 6. Bc4 Bd7 7. Bb3 g6 8. f3 Nxd4 9. Qxd4 Bg7 10. Be3 O-O 11. Qd2 b5 12. O-O a5 13. a4 b4 14. Ne2 Be6 15. Bxe6 fxe6 16. Rad1 Qd7 17. Nd4 Ne8 18. Bh6 Nc7 19. Bxg7 Kxg7 20. Qe3 e5 21. Ne2 Ne6 22. b3 Qa7 23. Kf2 Rfc8 24. Rd2 Qxe3+ 25. Kxe3 Rc6 26. Nc1 Rac8 27. Rff2 Nd4 28. Rxd4 exd4+ 29. Kxd4 Rxc2 0-1

[Event "Early-Titled-Tuesday-Blitz-July-09-2024"]
[Site "Chess.com"]
[Date "2024.07.09"]
[Round "3"]
[White "Ginger_GM"]
[Black "AsaHoffmann"]
[Result "1-0"]
[WhiteElo "2603"]
[BlackElo "2379"]
[TimeControl "180+1"]
[EndTime "8:25:50 PDT"]
[Termination "Ginger_GM won by resignation"]

1. a4 e5 2. e3 Nf6 3. d4 Nc6 4. Nf3 e4 5. Nfd2 d5 6. c4 Be7 7. Nc3 Be6 8. a5 a6 9. Be2 O-O 10. g4 Qd7 11. g5 Ne8 12. cxd5 Bxd5 13. h4 Bb4 14. Qc2 f5 15. Nxd5 Bxa5 16. Nf4 Nd6 17. Qb3+ Kh8 18. h5 b5 19. Ng6+ 1-0

[Event "Early-Titled-Tuesday-Blitz-July-09-2024"]
[Site "Chess.com"]
[Date "2024.07.09"]
[Round "3"]
[White "Naruto75_3"]
[Black "campochess"]
[Result "1-0"]
[WhiteElo "2547"]
[BlackElo "2257"]
[TimeControl "180+1"]
[EndTime "8:26:09 PDT"]
[Termination "Naruto75_3 won by resignation"]

1. d4 Nf6 2. c4 g6 3. Nc3 d5 4. cxd5 Nxd5 5. e4 Nxc3 6. bxc3 Bg7 7. Be3 O-O 8. Rc1 c5 9. Be2 Qa5 10. Qd2 Rd8 11. Nf3 Nc6 12. d5 Bg4 13. O-O Bxf3 14. Bxf3 Ne5 15. Be2 Rac8 16. f4 Nd7 17. Qc2 b5 18. Qb1 b4 19. cxb4 cxb4 20. Bg4 Rxc1 21. Rxc1 Nf6 22. Bf3 Rb8 23. Qb3 Qa6 24.
e5 Ne8 25. Bc5 Rb7 26. d6 exd6 27. Bxb7 Qxb7 28. exd6 a5 29. Qe3 Nf6 30. Bd4 Qb5 31.
Rc8+ 1-0

[Event "Early-Titled-Tuesday-Blitz-July-09-2024"]
[Site "Chess.com"]
[Date "2024.07.09"]
[Round "3"]
[White "HypeMan111"]
[Black "Chaubunagungamaug1"]
[Result "0-1"]
[WhiteElo "2287"]
[BlackElo "2487"]
[TimeControl "180+1"]
[EndTime "8:26:13 PDT"]
[Termination "Chaubunagungamaug1 won by resignation"]

1. e4 c5 2. Nf3 Nc6 3. d4 cxd4 4. Nxd4 Nf6 5. Nc3 e6 6. Ndb5 Bc5 7. Nd6+ Ke7 8. Bf4 e5 9. Nf5+ Kf8 10. Bg5 d6 11.
Bc4 Be6 12. Bb3 h6 13. Bh4 g5 14. Bg3 Nxe4 15. Nxe4 Bxf5 16. Qf3 Nd4 0-1

[Event "Early-Titled-Tuesday-Blitz-July-09-2024"]
[Site "Chess.com"]
[Date "2024.07.09"]
[Round "3"]
[White "Caleb_Klenoff"]
[Black "BillCoe"]
[Result "1-0"]
[WhiteElo "2387"]
[BlackElo "2046"]
[TimeControl "180+1"]
[EndTime "8:26:15 PDT"]
[Termination "Caleb_Klenoff won by checkmate"]

1. e4 c5 2. d4 cxd4 3. c3 dxc3 4.
Nxc3 Nc6 5. Nf3 e6 6. Bc4 Nge7 7. Bg5 h6 8. Nb5 d5 9. exd5 exd5 10. Bf4 Qa5+ 11. Kf1 Ng6 12. Nc7+ Ke7 13. Nxd5+ Ke8 14.
Nc7+ Ke7 15. Qd6# 1-0

[Event "Early-Titled-Tuesday-Blitz-July-09-2024"]
[Site "Chess.com"]
[Date "2024.07.09"]
[Round "3"]
[White "David_Arutinian"]
[Black "dapsay"]
[Result "1-0"]
[WhiteElo "2824"]
[BlackElo "2557"]
[TimeControl "180+1"]
[EndTime "8:26:22 PDT"]
[Termination "David_Arutinian won by resignation"]

1. Nf3 d5 2. e3 c6 3. c4 Nf6 4. Nc3 a6 5. d4 Bf5 6. Bd3 Bxd3 7. Qxd3 e6 8. O-O Nbd7 9. e4 dxe4 10. Nxe4 Nxe4 11. Qxe4 Nf6 12. Qe2 Be7 13. Rd1 O-O 14.
b3 Qc7 15. Bb2 Rfd8 16. Rd3 Rd7 17. Rad1 b5 18. Ne5 Rdd8 19. Qf3 Rac8 20. h4 bxc4 21. bxc4 Bd6 22. h5 h6 23. Bc3 c5 24. Ng4 Nh7 25. d5 Ng5 26. Qe2 exd5 27. Rxd5 Bf8 28. Be5 Qa5 29.
Qc2 Rxd5 30. cxd5 Qb4 31. Qf5 Qa4 32. Rb1 Rd8 33. d6 Qd7 34. Nf6+ gxf6 35. Qxf6 1-0

[Event "Early-Titled-Tuesday-Blitz-July-09-2024"]
[Site "Chess.com"]
[Date "2024.07.09"]
[Round "3"]
[White "SpeedofLight0"]
[Black "Alenzer"]
[Result "1-0"]
[WhiteElo "3158"]
[BlackElo "2178"]
[TimeControl "180+1"]
[EndTime "8:26:23 PDT"]
[Termination "SpeedofLight0 won by resignation"]

1. d4 d5 2. Nc3 Nf6 3. Bf4 a6 4. e3 Bf5 5. f3 e6 6. g4 Bg6 7.
h4 h5 8. g5 Nfd7 9. Bd3 Bxd3 10. Qxd3 g6 11. Nge2 c5 12. e4 dxe4 13. Nxe4 Nc6 14.
O-O-O Nb4 15. Qb3 Qa5 16. a3 Nd5 17. Qxb7 Rd8 18. Be5 Nxe5 19. dxe5 Be7 20. Qc6+ Kf8 21. Nf6 Bxf6 22. gxf6 Rb8 23. Qd6+ Kg8 24. Qxb8+ Kh7 25. Qb7 Rf8 26. Rxd5 exd5 27. e6 1-0

[Event "Early-Titled-Tuesday-Blitz-July-09-2024"]
[Site "Chess.com"]
[Date "2024.07.09"]
[Round "3"]
[White "Paladin61"]
[Black "Jospem"]
[Result "0-1"]
[WhiteElo "2754"]
[BlackElo "3110"]
[TimeControl "180+1"]
[EndTime "8:26:26 PDT"]
[Termination "Jospem won by resignation"]

1. e4 c5 2. Nf3 d6 3. d4 cxd4 4. Qxd4 a6 5. h3 Nc6 6. Qd3 g6 7. Nc3 Bg7 8. Be2 Nf6 9. O-O O-O 10. Nd5 Nd7 11. c3 e6 12. Ne3 Nc5 13. Qc2 Qc7 14.
Rd1 f5 15. exf5 gxf5 16. Nf1 Ne4 17. g3 d5 18. c4 Qb6 19. Ne3 d4 20. Ng2 Nb4 21. Qb3 Nc5 0-1

[Event "Early-Titled-Tuesday-Blitz-July-09-2024"]
[Site "Chess.com"]
[Date "2024.07.09"]
[Round "3"]
[White "Witty_Alien"]
[Black "MikeWizard"]
[Result "1-0"]
[WhiteElo "2397"]
[BlackElo "2072"]
[TimeControl "180+1"]
[EndTime "8:26:26 PDT"]
[Termination "Witty_Alien won by resignation"]

1. e4 d6 2. d4 Nf6 3. Nc3 Nbd7 4. h4 e5 5. Nf3 h5 6. Ng5 Nb6 7. dxe5 Ng4 8. a4 Nxe5 9. a5 Nbd7 10. f4 Ng4 11. Bc4 Qf6 12. Bxf7+ Qxf7 13. Nxf7 Kxf7 14. a6 Ndf6 15. e5 dxe5 16. fxe5 Nxe5 17. O-O Bc5+ 18. Kh1 Bg4 19. Qd5+ 1-0

[Event "Early-Titled-Tuesday-Blitz-July-09-2024"]
[Site "Chess.com"]
[Date "2024.07.09"]
[Round "3"]
[White "kritipatel"]
[Black "IC3S2"]
[Result "0-1"]
[WhiteElo "2143"]
[BlackElo "2539"]
[TimeControl "180+1"]
[EndTime "8:26:41 PDT"]
[Termination "IC3S2 won by resignation"]

1. e4 e5 2. Nf3 Nc6 3. Bc4 Nf6 4. d3 h6 5. c3 d6 6. Nbd2 g5 7. b4 Bg7 8. a4 O-O 9. Nf1 d5 10. exd5 Nxd5 11. Ng3 g4 12. Nd2 Nxc3 13. Qb3 e4 14.
Bb2 Nd4 15. Bxf7+ Rxf7 16. Qc4 Nc2+ 17. Kf1 Ne3+ 0-1

[Event "Early-Titled-Tuesday-Blitz-July-09-2024"]
[Site "Chess.com"]
[Date "2024.07.09"]
[Round "3"]
[White "nitpicker"]
[Black "pavelalexandru07"]
[Result "1-0"]
[WhiteElo "2307"]
[BlackElo "2482"]
[TimeControl "180+1"]
[EndTime "8:26:45 PDT"]
[Termination "nitpicker won by resignation"]

1. d4 d5 2. c4 e6 3. Nf3 Nf6 4. g3 dxc4 5. Bg2 c5 6. O-O Nc6 7. dxc5 Qxd1 8. Rxd1 Bxc5 9. Nbd2 c3 10. bxc3 Ke7 11.
Nb3 Bd6 12. Nfd4 Nxd4 13. cxd4 Rb8 14. e4 Bb4 15. Bb2 b6 16. a3 Ba5 17. Nxa5 bxa5 18. Bc3 Bb7 19. f3 a4 20. Bb4+ Kd7 21. Bc5 a6 22. Rab1 Bc6 23. Bf1 Rb3 24. Rxb3 axb3 25. Bxa6 Ra8 26. Bc4 Ba4 27. Rb1 Rb8 28. Bb4 1-0

[Event "Early-Titled-Tuesday-Blitz-July-09-2024"]
[Site "Chess.com"]
[Date "2024.07.09"]
[Round "3"]
[White "rezamahdavi2008"]
[Black "JEHUBNER"]
[Result "1-0"]
[WhiteElo "2939"]
[BlackElo "2019"]
[TimeControl "180+1"]
[EndTime "8:26:47 PDT"]
[Termination "rezamahdavi2008 won by checkmate"]

1. e4 c5 2. Nf3 Nc6 3. d4 cxd4 4. Nxd4 g6 5. c4 Bg7 6. Be3 Nf6 7. Nc3 d6 8. Be2 a6 9. O-O O-O 10. h3 Bd7 11. Nc2 Rc8 12. b3 Nb8 13. Qd3 Bc6 14.
Rac1 Nbd7 15. f3 Ne5 16. Qd2 Nh5 17. Bf2 Qd7 18. f4 Nxf4 19. Qxf4 f5 20. exf5 Rxf5 21. Qe3 Rf7 22. Nd4 Rcf8 23. Nd5 Qd8 24. Ne6 Qa5 25. Nxf8 Rxf8 26. Nxe7+ Kh8 27. Nxc6 Nxc6 28. Bf3 Ne5 29. Bd5 Qxa2 30. Bg3 Re8 31. Rce1 b5 32. Qa7 bxc4 33. bxc4 Rc8 34. Bxe5 Bxe5 35. Rxe5 dxe5 36. Qe7 h5 37. Rf8+ Rxf8 38. Qxf8+ Kh7 39. Bg8+ Kh8 40. Bf7+ Kh7 41.
Qg8+ Kh6 42. Qxg6# 1-0

[Event "Early-Titled-Tuesday-Blitz-July-09-2024"]
[Site "Chess.com"]
[Date "2024.07.09"]
[Round "3"]
[White "SVijayalakshmi"]
[Black "NM_Antelacus"]
[Result "1-0"]
[WhiteElo "2555"]
[BlackElo "2289"]
[TimeControl "180+1"]
[EndTime "8:26:49 PDT"]
[Termination "SVijayalakshmi won by resignation"]

1. Nf3 Nf6 2. g3 b6 3. Bg2 Bb7 4. O-O e6 5. d4 Be7 6. c4 O-O 7. Nc3 Ne4 8. Qc2 f5 9. Rd1 d6 10. d5 Nxc3 11. Qxc3 e5 12. e4 fxe4 13. Nd2 Bc8 14.
Nxe4 Bg4 15. Re1 Nd7 16. Be3 Nc5 17. Nd2 a5 18. b3 Bg5 19. a3 Bxe3 20. Rxe3 Qf6 21.
Rf1 Qh6 22. b4 axb4 23. axb4 Nd7 24. Ne4 Nf6 25. c5 Nxe4 26. Rxe4 bxc5 27. Rxg4 cxb4 28. Rxb4 Rf7 29. Rb7 Rc8 30. Qe3 Qf6 31. Rc1 Rcf8 32. Rcxc7 Qxf2+ 33. Qxf2 1-0

[Event "Early-Titled-Tuesday-Blitz-July-09-2024"]
[Site "Chess.com"]
[Date "2024.07.09"]
[Round "3"]
[White "krstulov_alex"]
[Black "gmpeter008"]
[Result "0-1"]
[WhiteElo "2646"]
[BlackElo "2451"]
[TimeControl "180+1"]
[EndTime "8:26:55 PDT"]
[Termination "gmpeter008 won by resignation"]

1. Nf3 d5 2. g3 Bg4 3. Bg2 Nd7 4. O-O e6 5. c4 Ngf6 6. d3 Be7 7. Qb3 Nc5 8. Qc2 O-O 9. b3 a5 10. Bb2 c6 11.
Nbd2 Na6 12. a3 Rc8 13. Rac1 Bd6 14. e4 dxe4 15. dxe4 Bc5 16. h3 Bh5 17. Rfd1 Qb6 18.
Nf1 Bg6 19. Nh4 Rfd8 20. Nxg6 hxg6 21. e5 Ne8 22. h4 Rxd1 23. Rxd1 Rd8 24. Rxd8 Qxd8 25.
Nd2 Bd4 26. Qd3 Bxf2+ 0-1

[Event "Early-Titled-Tuesday-Blitz-July-09-2024"]
[Site "Chess.com"]
[Date "2024.07.09"]
[Round "3"]
[White "GrumbleBruno"]
[Black "Szachulec75"]
[Result "1-0"]
[WhiteElo "2471"]
[BlackElo "2249"]
[TimeControl "180+1"]
[EndTime "8:26:55 PDT"]
[Termination "GrumbleBruno won by resignation"]

1. e4 d6 2. d4 Nf6 3. Bd3 c6 4.
c3 e5 5. f4 Qb6 6. Nf3 Bg4 7.
Na3 Nbd7 8. Nc4 Qc7 9. fxe5 dxe5 10. h3 Bxf3 11. Qxf3 b5 12. Nxe5 Nxe5 13. dxe5 Qxe5 14. Bf4 Qc5 15. Be3 Qd6 16. O-O-O Qc7 17. Bxb5 cxb5 18.
e5 Rc8 19. exf6 b4 20. Bd4 1-0

[Event "Early-Titled-Tuesday-Blitz-July-09-2024"]
[Site "Chess.com"]
[Date "2024.07.09"]
[Round "3"]
[White "jlf287"]
[Black "Ykow"]
[Result "0-1"]
[WhiteElo "2478"]
[BlackElo "2746"]
[TimeControl "180+1"]
[EndTime "8:26:56 PDT"]
[Termination "Ykow won by checkmate"]

1. d4 d5 2. c4 e6 3. Nc3 c6 4. e3 f5 5. Bd3 Bd6 6. Nge2 Nh6 7.
b3 O-O 8. Bb2 Nd7 9. O-O Bxh2+ 10. Kxh2 Ng4+ 11. Kh3 Qg5 12. g3 Qh6+ 13. Kg2 Qh2+ 14.
Kf3 e5 15. Ng1 f4 16. exf4 exf4 17. Ke2 fxg3 18. Nf3 Qg2 19. Ne1 Rxf2+ 20. Rxf2 Qxf2# 0-1

[Event "Early-Titled-Tuesday-Blitz-July-09-2024"]
[Site "Chess.com"]
[Date "2024.07.09"]
[Round "3"]
[White "Andreikka"]
[Black "FREDERICKtheMATE"]
[Result "1-0"]
[WhiteElo "3010"]
[BlackElo "2740"]
[TimeControl "180+1"]
[EndTime "8:27:03 PDT"]
[Termination "Andreikka won by resignation"]

1. Nf3 Nf6 2. b3 b6 3. Bb2 Bb7 4. c4 c5 5. g3 g6 6. Bg2 Bg7 7.
O-O O-O 8. Nc3 d5 9. Nxd5 Nxd5 10. Bxg7 Kxg7 11. cxd5 Qxd5 12. d4 cxd4 13. Nh4 Qd7 14.
Bxb7 Qxb7 15. Qxd4+ f6 16. Rfd1 Nc6 17. Qe4 Rad8 18.
Nf3 Na5 19. Qe6 Rfe8 20. Nd4 Rd6 21. Nf5+ gxf5 22. Rxd6 exd6 23. Qxe8 Qd5 24. Rc1 Kh6 25. Rc7 Qd1+ 26. Kg2 Qd5+ 27. f3 Qd2 28. Kh3 Qf4 29. gxf4 1-0